Cogmind - Beta 13 @@@ ROGUE MODE // 2024.05.05 @ 16:37:54 Player: sercli123 Result: Self-destructed Performance ------------- Evolutions (2) 1000 Regions Visited (4) 800 Robots Destroyed (26) 130 Value Destroyed (771) 771 Prototype IDs (3) 60 Alien Tech Used (0) 0 Bonus (0) 0 TOTAL SCORE: 2761 Bonus ------- None Cogmind --------- Core Integrity 522/550 Matter 300/300 Energy 275/275 System Corruption 0% Temperature Cool (0) Movement Walking (126) Location -8/Materials Parts ------- > --- POWER (1) -------- Deuterium Engine > --- PROPULSION (3) --- Aluminum Leg Aluminum Leg Makeshift Leg > --- UTILITY (5) ------ Medium Storage Unit Sensor Array Medium Armor Plating Medium Armor Plating > --- WEAPON (2) ------- Field Laser Field Laser > --- INVENTORY (10) --- Nuclear Core Aerolev Unit Heat Sink Improved Heat Sink Improved Heat Sink Large Storage Unit Medium Armor Plating Field Laser Improved Grenade Launcher Ripper Peak State ------------ > --- POWER ------------ Deuterium Engine > --- PROPULSION ------- Aluminum Leg Aluminum Leg Makeshift Leg > --- UTILITY ---------- Improved Heat Sink Medium Storage Unit Sensor Array Medium Armor Plating Medium Armor Plating > --- WEAPON ----------- Field Laser Field Laser > --- INVENTORY -------- Light Nuclear Core Aerolev Unit Heat Sink Large Storage Unit Medium Armor Plating Field Laser Improved Grenade Launcher Ripper [Rating: 26] Favorites ----------- Power Deuterium Engine Engine Deuterium Engine Propulsion Aerolev Unit Leg Aluminum Leg Wheel Wheel Hover Unit Aerolev Unit Utility Medium Storage Unit Device Improved Heat Sink Storage Medium Storage Unit Protection Light Armor Plating Weapon Field Laser Energy Gun Field Laser Ballistic Gun Light Assault Rifle Launcher Grenade Launcher Build | -11 -10 -9 -9 -8 ------- Run | Yrd Mat Mat Min Mat Slots Evolved 4 | . . 2 . 2 Power . | . . . . . Propulsion 1 | . . . . 1 Utility 3 | . . 2 . 1 Weapon . | . . . . . Parts Attached 34 | 6 2 15 1 10 Power 3 | 1 . 1 . 1 Engine 3 | 1 . 1 . 1 Core . | . . . . . Reactor . | . . . . . Propulsion 12 | 2 . 5 . 5 Treads . | . . . . . Leg 7 | . . 2 . 5 Wheel 2 | 2 . . . . Hover 3 | . . 3 . . Flight . | . . . . . Utility 9 | 1 1 4 1 2 Device 3 | . . 2 1 . Storage 2 | 1 1 . . . Processor . | . . . . . Hackware . | . . . . . Protection 4 | . . 2 . 2 Artifact . | . . . . . Weapon 10 | 2 1 5 . 2 Energy Gun 4 | 1 . 2 . 1 Energy Cannon . | . . . . . Ballistic Gun 3 | 1 . 2 . . Ballistic Cannon . | . . . . . Launcher 3 | . 1 1 . 1 Special Weapon . | . . . . . Impact Weapon . | . . . . . Slashing Weapon . | . . . . . Piercing Weapon . | . . . . . Special Melee Weapon . | . . . . . Unidentified Prototypes 1 | . . 1 . . Parts Lost 5 | . . 4 . 1 Power . | . . . . . Propulsion 3 | . . 2 . 1 Utility 1 | . . 1 . . Weapon 1 | . . 1 . . Highest Loss Streak 3 | . . 3 . 1 To Critical Strikes . | . . . . . Average Slot Usage (%) 88 | . 85 79 100 89 Engine 10 | . 14 11 11 9 Leg 7 | . . 3 . 22 Wheel 4 | . 28 5 . . Hover 10 | . . 10 22 3 Device 12 | . . 7 22 13 Storage 10 | . 14 11 11 9 Protection 10 | . . 8 11 14 Energy Gun 15 | . 14 12 22 15 Ballistic Gun 1 | . 4 2 . . Launcher 4 | . 10 6 . 2 Naked Turns . | . . . . . Heaviest Build 41 | 13 20 30 30 41 Greatest Support 40 | 20 20 20 16 40 Greatest Overweight (x) 7 | 1 . 7 1 3 Average Overweight (x) . | . . . 1 . Largest Inventory Capacity 10 | 8 10 10 10 10 Average Capacity 9 | 6 8 10 10 10 Most Carried 10 | 5 9 10 8 10 Average Carried 7 | 3 5 6 7 8 Final Capacity 10 | 8 10 10 10 10 Final Carried 10 | 4 9 6 8 10 Class Distribution -------------------- 98% | Mutant Dominant Class ---------------- Mutant | -10/Materials Mutant | -9/Materials Mutant | -9/Mines Mutant | -8/Materials Resources | -11 -10 -9 -9 -8 ----------- Run | Yrd Mat Mat Min Mat Matter Collected 713 | 236 73 217 62 125 Remotely . | . . . . . Salvage Created 690 | . 84 452 22 132 Parts 63 | . 9 42 4 8 Haulers Intercepted . | . . . . . Recyclers Shooed . | . . . . . Parts Field Recycled . | . . . . . Retrieved Matter . | . . . . . Parts Self-Destructed . | . . . . . Prevented . | . . . . . Kills | -11 -10 -9 -9 -8 ------- Run | Yrd Mat Mat Min Mat Combat Hostiles Destroyed 18 | . 3 9 3 3 Guns 8 | . 1 4 1 2 AOE 10 | . 2 5 2 1 Classes Destroyed 7 | . 2 4 1 . Builder 6 | . 1 5 . . Operator 1 | . . 1 . . Watcher 1 | . . 1 . . Swarmer 3 | . . . 3 . Grunt 12 | . 3 6 . 3 Brawler 1 | . . 1 . . Sentry 2 | . . 2 . . Best Kill Streak 9 | . 3 9 3 1 Combat Bots Only 4 | . 2 4 3 1 Max Kills in Single Turn 4 | . 2 4 2 1 Gunslinging . | . . . . . Exploded 2 | . 1 1 2 1 Melee . | . . . . . Uniques/NPCs Destroyed . | . . . . . Combat | -11 -10 -9 -9 -8 -------- Run | Yrd Mat Mat Min Mat Hostile Shots Fired 89 | . 4 54 10 21 Missed 25 | . 1 16 3 5 Damage Taken 933 | . 46 502 108 277 Core 185 | . . 83 74 28 Absorbed by Shields . | . . . . . Core Remaining (%) 86 | 100 100 . 60 . Volleys Fired 56 | . 5 38 5 8 Largest 2 | . 2 2 2 2 Hottest 126 | . 70 126 126 126 Shots Fired 99 | . 10 64 10 15 Gun 82 | . 6 54 10 12 Cannon . | . . . . . Launcher 17 | . 4 10 . 3 Special . | . . . . . Kinetic 28 | . 1 27 . . Thermal 35 | . . 13 10 12 Explosive 17 | . 4 10 . 3 Electromagnetic 19 | . 5 14 . . Robot Hit Streak 7 | . 4 7 2 4 Robot Miss Streak 4 | . 1 3 4 2 Penetration Max . | . . . . . Secondary Targets 1 | . . . 1 . Max Gunslinging Chain 1 | . . . 1 . Shots Hit Robots 58 | . 7 38 4 9 Core Hits 40 | . 7 25 2 6 Critical Kills . | . . . . . Critical Parts Destroyed . | . . . . . Critical Strikes 2 | . . 2 . . Corrupt 2 | . . 2 . . Melee Attacks . | . . . . . Impact . | . . . . . Slashing . | . . . . . Piercing . | . . . . . Sneak Attacks . | . . . . . Combat Hostiles . | . . . . . Follow-up Attacks . | . . . . . Damage Inflicted 1685 | . 265 1043 187 190 Guns 701 | . 51 453 83 114 Cannons . | . . . . . Explosions 984 | . 214 590 104 76 Melee . | . . . . . Ramming . | . . . . . Kinetic 160 | . 9 151 . . Thermal 439 | . . 138 187 114 Explosive 880 | . 214 590 . 76 Electromagnetic 206 | . 42 164 . . Impact . | . . . . . Slashing . | . . . . . Piercing . | . . . . . Highest Corruption . | . . . . . Average Corruption . | . . . . . Corruption Purged . | . . . . . Corruption Blocked . | . . . . . Overload Shots . | . . . . . Overflow Damage 39 | . . 6 33 . Projectiles . | . . . . . Explosions 39 | . . 6 33 . Melee . | . . . . . Knockbacks . | . . . . . Impact . | . . . . . Kinetic . | . . . . . Secondary . | . . . . . Self-Inflicted Damage 91 | . . 27 50 14 Shots 6 | . . 3 1 2 Rammed . | . . . . . Targets Rammed . | . . . . . Kicked . | . . . . . Crushed . | . . . . . Highest Temperature 480 | . 42 480 27 117 Average Temperature 50 | . 15 64 10 44 Received Heat Transfer 423 | . 24 246 . 153 Effects 1 | . . 1 . . Shutdowns 1 | . . 1 . . Siege Activations . | . . . . . Robots Corrupted . | . . . . . Combat Hostiles . | . . . . . Parts Fried . | . . . . . Impact Corruptions . | . . . . . Robots Melted . | . . . . . Combat Hostiles . | . . . . . Parts Melted 2 | . . 1 . 1 Heat Transferred 840 | . . 296 285 259 Parts Sabotaged . | . . . . . Parts Stolen . | . . . . . Parts Stripped . | . . . . . Power Chain Reactions . | . . . . . Alert | -11 -10 -9 -9 -8 ------- Run | Yrd Mat Mat Min Mat Peak Influence 454 | . 135 454 260 165 Initial 130 | . . 56 130 101 Average 207 | . 61 295 253 131 Maximum Alert Level 2 | . . 2 1 . Low Security (%) 50 | 100 100 21 5 100 Level 1 44 | . . 62 94 . Level 2 5 | . . 15 . . Level 3 . | . . . . . Level 4 . | . . . . . Level 5 . | . . . . . High Security . | . . . . . Max Security . | . . . . . Squads Dispatched 4 | . 1 3 . . Investigation . | . . . . . Extermination . | . . . . . Reinforcement 4 | . 1 3 . . Assault . | . . . . . Garrison . | . . . . . Intercept . | . . . . . Searches Triggered . | . . . . . Construction Impeded 1 | . . 1 . . Haulers Reinforced . | . . . . . Active Scanning Responses . | . . . . . Cargo Convoy Interrupts . | . . . . . Stealth | -11 -10 -9 -9 -8 --------- Run | Yrd Mat Mat Min Mat Distress Signals 2 | . . 2 . . Communications Jammed . | . . . . . Distress Signals . | . . . . . Times Spotted 31 | . 4 16 3 8 Peak Tracking Total 4 | . 2 4 3 4 Tactical Retreats 3 | . . 2 . 1 Traps | -11 -10 -9 -9 -8 ------- Run | Yrd Mat Mat Min Mat Traps Triggered . | . . . . . Indirectly . | . . . . . Trap Hack Attempts . | . . . . . Triggered . | . . . . . Disarmed . | . . . . . Reprogrammed . | . . . . . Reused . | . . . . . Traps Extracted . | . . . . . Installed . | . . . . . Triggered . | . . . . . Machines | -11 -10 -9 -9 -8 ---------- Run | Yrd Mat Mat Min Mat Machines Disabled 8 | . . 4 3 1 Max in Single Turn 3 | . . 1 3 1 Machines Repaired . | . . . . . Machines Dismantled . | . . . . . Machines Sabotaged . | . . . . . Overloaded Fab Kills . | . . . . . Hacking | -11 -10 -9 -9 -8 --------- Run | Yrd Mat Mat Min Mat Machines Accessed 6 | . 2 3 . 1 Terminals 6 | . 2 3 . 1 Fabricators . | . . . . . Repair Stations . | . . . . . Recycling Units . | . . . . . Scanalyzers . | . . . . . Garrison Access . | . . . . . Total Hacks 19 | . 5 11 . 3 Successful 5 | . . 4 . 1 Failed 14 | . 5 7 . 2 Catastrophic 3 | . 2 1 . . Database Lockouts . | . . . . . Manual 12 | . 3 6 . 3 Terminals 19 | . 5 11 . 3 Fabricators . | . . . . . Repair Stations . | . . . . . Recycling Units . | . . . . . Scanalyzers . | . . . . . Garrison Access . | . . . . . Terminal Hacks 5 | . . 4 . 1 Prototype ID Bank 1 | . . 1 . . Branch Access Points 1 | . . 1 . . Emergency Access Points 2 | . . 1 . 1 Locate Traps 1 | . . 1 . . Fabricator Hacks . | . . . . . Repair Station Hacks . | . . . . . Recycling Unit Hacks . | . . . . . Scanalyzer . | . . . . . Garrison Access Hacks . | . . . . . Unauthorized Hacks . | . . . . . Terminals . | . . . . . Fabricators . | . . . . . Repair Stations . | . . . . . Recycling Units . | . . . . . Scanalyzers . | . . . . . Garrison Access . | . . . . . Data Cores Recovered . | . . . . . Used . | . . . . . Hacking Detections 6 | . 2 3 . 1 Full Trace Events 1 | . 1 . . . Feedback Events . | . . . . . Feedback Blocked . | . . . . . Robot Schematics Acquired . | . . . . . Robots Built . | . . . . . Authchips . | . . . . . Time . | . . . . . Total Robot Build Rating . | . . . . . Part Schematics Acquired . | . . . . . Parts Built . | . . . . . Authchips . | . . . . . Time . | . . . . . Total Part Build Rating . | . . . . . Parts Repaired . | . . . . . Time . | . . . . . Parts Recycled . | . . . . . Recycled Matter . | . . . . . Retrieved Matter . | . . . . . Retrieved Components . | . . . . . Parts Scanalyzed . | . . . . . Part Schematics Acquired . | . . . . . Parts Damaged . | . . . . . Bothacking | -11 -10 -9 -9 -8 ------------ Run | Yrd Mat Mat Min Mat Used RIF Installer . | . . . . . Robots Hacked . | . . . . . Non-combat . | . . . . . Combat . | . . . . . Robot Hacks Applied . | . . . . . Relay Couplers Released . | . . . . . Fabnet Peak Effective % . | . . . . . Robots Rewired . | . . . . . Allies Hacked . | . . . . . Hacks Repelled . | . . . . . Allies | -11 -10 -9 -9 -8 -------- Run | Yrd Mat Mat Min Mat Total Allies 2 | . . . 2 . Largest Group 2 | . . . 2 2 Highest-Rated Group 45 | . . . 45 45 Highest-Rated Ally 31 | . . . 31 31 Total Orders . | . . . . . Ally Attacks 6 | . . . . 6 Total Damage 64 | . . . . 64 Kills . | . . . . . Allies Corrupted . | . . . . . Allies Melted . | . . . . . Intel | -11 -10 -9 -9 -8 ------- Run | Yrd Mat Mat Min Mat Robot Analysis Total . | . . . . . Derelict Logs Recovered 1 | . . . 1 . Drone Launches . | . . . . . Drone Recoveries . | . . . . . Exploration | -11 -10 -9 -9 -8 ------------- Run | Yrd Mat Mat Min Mat Turns Passed 1512 | 41 141 534 350 446 Spaces Moved 1101 | 35 138 362 296 270 Core 16 | 13 . 3 . . Treads . | . . . . . Legs 277 | . . 32 . 245 Wheels 287 | 22 138 127 . . Hover 521 | . . 200 296 25 Flight . | . . . . . Fastest Speed 50 | 50 80 80 106 106 Average Speed 110 | 73 80 107 106 141 Slowest Speed 400 | 100 80 400 106 230 Overloaded Moves . | . . . . . Propulsion Burnouts . | . . . . . Robots Hopped . | . . . . . Cave-ins Triggered . | . . . . . Exploration Rate (%) 30 | 3 25 38 65 22 Regions Visited 4 Branch Regions 1 Pre-discovered Areas 1 | . . . 1 . Known Exits Taken 1 | . . 1 . . Unknown Exits Taken 3 | 1 1 . 1 . Scrap Searched 2 | . . . 2 . Spaces Dug . | . . . . . Terrain Destroyed 119 | . 20 62 21 16 Melee . | . . . . . Projectile . | . . . . . AOE 119 | . 20 62 21 16 Terrain Rammed . | . . . . . Walls Destroyed . | . . . . . Machines Disabled . | . . . . . Actions | -11 -10 -9 -9 -8 --------- Run | Yrd Mat Mat Min Mat Total 1294 | 49 157 447 321 320 Wait 58 | . 8 15 18 17 Move 1097 | 34 137 361 295 270 Hop . | . . . . . Pick Up 36 | 9 5 11 2 9 Fast Attach 1 | 1 . . . . Attach 20 | 5 . 10 . 5 Detach 1 | . . . . 1 Swap 13 | . 2 5 1 5 Drop 12 | . . 7 . 5 Fire 56 | . 5 38 5 8 Melee . | . . . . . Ram . | . . . . . Kick . | . . . . . Crush . | . . . . . Escape Stasis . | . . . . . Rewire . | . . . . . Trap . | . . . . . Miscellaneous . | . . . . . Route ------- -11/Scrapyard -10/Materials -9/Materials (discovered 2 exits: *Mat / *Min) -9/Mines -8/Materials History --------- Turn | Location | Event 5 | -11/Scrapyard | Discovered new exit (range 14) 42 | -11/Scrapyard | Entered Materials 115 | -10/Materials | Discovered new exit (range 16) 183 | -10/Materials | Entered another Materials area 183 | -9/Materials | Evolved 2 slots: Utility x2 302 | -9/Materials | Build established: Mutant 370 | -9/Materials | Lost 3 parts (2n1w) 503 | -9/Materials | Discovered new exit (range 3) 526 | -9/Materials | Identified exit to Mines 717 | -9/Materials | Entered Mines 761 | -9/Mines | Learned Materials stockpile data 877 | -9/Mines | A weapon hastily lodged in a ceiling crevice suddenly fell to the ground 913 | -9/Mines | Learned location of Storage (-7) 1043 | -9/Mines | Discovered new exit (range 15) 1067 | -9/Mines | Entered Materials 1067 | -8/Materials | Accompanied by 2 allies 1067 | -8/Materials | Evolved 2 slots: Propulsion x1, Utility x1 1072 | -8/Materials | Led the pair of lost Derelicts to an unsafe place 1513 | -8/Materials | Self-destructed Last Messages --------------- 01244_ Acquired Aluminum Leg. 01246_ K-01 Serf collects debris. 01247_ Dropped Aluminum Leg. 01247_ R-06 Scavenger collects Lgt. Armor Plating. 01247_ Acquired 45 matter. 01249_ K-01 Serf collects debris. 01249_ Acquired 15 matter. 01252_ R-06 Scavenger collects Particle Gun. 01253_ K-01 Serf collects debris. 01261_ R-06 Scavenger collects Aluminum Leg. 01263_ K-01 Serf collects debris. 01403_ Connecting with Terminal... 01403_ Current location identified: Materials >>Access(Emergency) Found 1 emergency access door: (28,36) Map updated. 01476_ Dropped Lgt. Nuclear Core. 01477_ Acquired Nuclear Core. 01502_ K-01 Serf collects debris. Map ----- +----------------------------------------------------+ | | | | | | | | | | | | | | | | | | | | | | | | | | | | | | | | | | | | | ??????????????????????????????????????????? | | ??????????????????????????????????????????? | | ??????????????????????????????????????????? | | ?????????????????######???????????????????? | | ????????????###### #???????????????????? | | ????????????# #???????????????????? | | ????????????# #???????????????????? | | ?????????######+##@ = #???????????????????? | | ?????????# ## ##???????????????????? | | ?????????# ? #? #????????????????????? | | ?????????# ? #??g#????????????????????? | | ?????????# ? #?? #????????????????????? | | ?????????# #? ##???????????????????? | | ?????????#####/### #####??????####?????? | | # ####??????# ? ??? ?????? | | # ==????# T ??? ?????? | | # == ??# ### #####??????# #?????? | | # == # #????###??????????# #?????? | | ??"T" ] + #?????????????????# #?????? | | ??""" # #?????????????????# #?????? | | ???########## #????????????????## ##????? | | ?????# # #????????????????# #????? | | ?????#* """ # #????????????????# #????? | | ?????# """ + #????????????????# !#????? | | ?????# """ # #????????????????# ?????? | | ?????# # #?????????????????# ####### | | ?????# # #?????????????????# # # | | ?????####+### #???############### + """ # | | ????????# #?# #???# + # """ # | | ????????# #?# #???# * ##### # """ # | | ????????# #?# #???# """ #???# # # | | ????????# #?# #???# """"" #???# # """ # | +----------------------------------------------------+ Best States ------------- Heat Dissipation 52 Energy Generation 14 Energy Capacity 275 Matter Stores 300 Matter Capacity 300 Sight Range 16 Robot Scan Range 14 Terrain Scan Density 10 Armor Coverage 450 Evasion (%) 55 Item Schematics ----------------- None Robot Schematics ------------------ None Fabricated ------------ Nothing Alien Tech Used ----------------- None Achievements -------------- None Challenges ------------ None Game ------ Seed PowerDecoyGreatsword Manual? 0 Play Time 00:34:58 Cumulative 17.3 hours Start 2024.05.04 @ 23:18:47 End 2024.05.05 @ 16:37:54 Sessions 5 Manual Loads 0 Difficulty Rogue Special Mode None Game No. 9 Rogue 9 Adventurer 0 Explorer 0 Win Type - Total 0 Types 0/0/0/0/0/0/0/0/0 Lore% 7 Gallery% 17 Achievement% 14 Wizard Run 0 Options --------- Layout 0 ASCII 0 Keyboard 0 Movement Mouse Keybinds 0 Fullscreen 2 Font 18/SmallcapsGlow Map View 76x50 Zoom Use 80% Tactical HUD 1 Map Filters NONE Filters NONE Steam 0 RUN: 56042846-840f-4a32-887f-9f823315ac23